 Dungeon Crawl Stone Soup version 0.26.1 (webtiles) character file.

Game seed: 3615859413775412123

538 jmmainvi the Covert (level 7, -4/32 HPs)
             Began as a Spriggan Enchanter on Feb 8, 2021.
             Killed from afar by a white imp (6 damage)
             ... with a puff of frost
             ... on level 5 of the Dungeon.
             The game lasted 00:15:37 (5508 turns).

jmmainvi the Covert (Spriggan Enchanter)            Turns: 5508, Time: 00:15:38

Health: -4/32      AC:  2    Str:  5    XL:     7   Next: 5%
Magic:  12/12      EV: 18    Int: 18    God:
Gold:   232        SH:  0    Dex: 16    Spells: 9/12 levels left

rFire    + + .     SeeInvis +   a - +1 dagger
rCold    . . .     Faith    .   (shield restricted)
rNeg     . . .     Spirit   .   b - +0 robe
rPois    .         Reflect  .   (helmet restricted)
rElec    .         Harm     .   (no cloak)
rCorr    .         Rampage  .   (gloves unavailable)
Will     +....                  (boots unavailable)
Stlth    +++++.....             (no amulet)
HPRegen  0.10/turn              v - ring of protection from fire
MPRegen  0.13/turn              w - ring of protection from fire

@: very quick
A: very small, unfitting armour, see invisible, speed 3
a: no special abilities


You were on level 5 of the Dungeon.
You visited 1 branch of the dungeon, and saw 7 of its levels.

You collected 232 gold pieces.

Inventory:

Hand Weapons
 a - a +1 dagger (weapon)
 s - a +1 vorpal hunting sling
Missiles
 m - 16 poisoned darts
 n - 12 sling bullets
 t - 21 stones
 y - 4 boomerangs
Armour
 b - a +0 robe (worn)
Jewellery
 p - an uncursed amulet of regeneration {unknown}
 v - a ring of protection from fire (left hand)
 w - a ring of protection from fire (right hand)
Wands
 q - a wand of disintegration (13)
Scrolls
 c - 6 scrolls of identify {unknown}
 g - 2 scrolls of enchant weapon {unknown}
 h - 2 scrolls of teleportation {unknown}
 i - a scroll of enchant armour {unknown}
 j - a scroll of noise {unknown}
 k - a scroll of fog {unknown}
 r - a scroll of magic mapping {unknown}
 u - 2 scrolls of remove curse {unknown}
Potions
 d - a potion of haste {unknown}
 e - a potion of heal wounds {unknown}
 f - 4 potions of curing {unknown}
 l - a potion of mutation {unknown}
 o - 2 potions of brilliance {unknown}
 x - a potion of might {unknown}


   Skills:
 - Level 1.1 Short Blades
 - Level 3.0 Dodging
 * Level 10.3 Stealth
 - Level 3.0 Spellcasting
 - Level 4.0 Hexes
 + Level 3.1 Ice Magic


You had 9 spell levels left.
You knew the following spells:

 Your Spells              Type           Power        Failure   Level
a - Corona                Hex            18%          3%          1
b - Ensorcelled Hibernat  Hex/Ice        30%          6%          2

Your spell library contained the following spells:

 Spells                   Type           Power        Failure   Level
 Confusing Touch          Hex            17%          10%         3
 Tukima's Dance           Hex            17%          10%         3
 Dazzling Flash           Conj/Hex       18%          22%         3


Dungeon Overview and Level Annotations

Branches:
Dungeon (7/15)
 Temple: D:4-7

Altars:


Innate Abilities, Weirdness & Mutations

You are very small and have problems with some larger weapons.
You are too small for most types of armour.
You have supernaturally acute eyesight. (SInv)
You cover ground extremely quickly.


Message History

The white imp misses you.
You hit the white imp but do no damage.
The white imp is lightly wounded.
The white imp closely misses you.
You barely miss the white imp.
The white imp is lightly wounded.
The white imp misses you.
You hit the white imp but do no damage.
The white imp is lightly wounded.
The white imp stops glowing.
The white imp misses you.
You barely miss the white imp.
The white imp is lightly wounded.
The white imp gestures at you. The puff of frost hits you!
The white imp gestures at you. The puff of frost hits you!
* * * LOW HITPOINT WARNING * * *
The white imp gestures at you. The puff of frost hits you.
You die...

#.#
#########.########
#.................
#.#######5###.....
#.# #.# ... #.#
#.# . #.# #.#
#.#######.###...
#>.....[@........
#############....
..


You could see a white imp.

Vanquished Creatures
  A sky beast (D:6)
  A bullfrog (D:6)
  A howler monkey (D:4)
  2 orc priests
  4 orc wizards
  A worker ant (D:4)
  4 gnolls (D:3)
  4 adders
  3 dart slugs
  A leopard gecko (D:1)
  9 orcs
  7 bats
  A giant cockroach (D:3)
  6 goblins
  5 hobgoblins
  2 jackals (D:3)
  5 kobolds
  2 quokkas
  A ball python (D:2)
  4 frilled lizards
  A quokka zombie (D:6)
  8 rats
73 creatures vanquished.

Notes
Turn   | Place    | Note
-------+----------+-------------------------------------------
     0 | D:1      | jmmainvi the Spriggan Enchanter began the quest for the
                  | Orb.
     0 | D:1      | Reached XP level 1. HP: 9/9 MP: 5/5
   954 | D:1      | Reached XP level 2. HP: 12/13 MP: 6/6
   958 | D:1      | Learned a level 2 spell: Ensorcelled Hibernation
   982 | D:1      | Reached skill level 5 in Stealth
  2080 | D:2      | Reached XP level 3. HP: 16/16 MP: 8/8
  2249 | D:2      | Reached skill level 6 in Stealth
  2249 | D:2      | Reached skill level 1 in Ice Magic
  2409 | D:2      | Reached XP level 4. HP: 21/21 MP: 6/9
  2737 | D:2      | Reached skill level 7 in Stealth
  3140 | D:3      | Reached XP level 5. HP: 24/24 MP: 10/10
  3651 | D:3      | Reached skill level 8 in Stealth
  4312 | D:4      | Reached XP level 6. HP: 24/28 MP: 2/11
  4352 | D:4      | Reached skill level 9 in Stealth
  4374 | D:5      | Entered Level 5 of the Dungeon
  5238 | D:4      | You fall into a shaft and drop 3 floors!
  5444 | D:6      | Noticed a sky beast
  5451 | D:6      | Killed a sky beast
  5452 | D:6      | Reached skill level 10 in Stealth
  5457 | D:6      | Reached XP level 7. HP: 32/32 MP: 12/12
  5508 | D:5      | Killed from afar by a white imp

Illustrated notes

Levels and vault maps discovered:
D:1:      mrwooster_arrival_statue, layout_basic
D:2:      layout_loops_ring
D:3:      layout_basic
D:4:      layout_loops_ring, minmay_fire_ice_demons
D:5:      layout_basic, uniq_edmund, uniq_grinder
D:6:      layout_rooms, old_standard_altar, minmay_temple_entry_trees,
          uniq_duvessa
D:7:      layout_cave_pools, basic_altar, kennysheep_generic_room_13

Skill      XL: |  1  2  3  4  5  6 |
---------------+-------------------+-----
Stealth        | 5 6 7 8 10 | 10.3
Spellcasting   | 3 |  3.0
Hexes          | 4 |  4.0
Ice Magic      | 1 2 3 |  3.1
Short Blades   | |  1.1
Dodging        | |  3.0

Action                   |  1- 3 |  4- 6 |  7- 9 || total
-------------------------+-------+-------+-------++-------
Melee: Dagger            |   109 |    90 |    14 ||   213
 Cast: Corona            |     1 |       |     2 ||     3
       Ensorcelled Hiber |    13 |    44 |       ||    57
 Stab: Sleeping          |    13 |    37 |       ||    50
       Distracted        |     3 |       |       ||     3
Armor: Robe              |    15 |    11 |       ||    26
Dodge: Dodged            |    90 |    62 |    12 ||   164
